 Dungeon Crawl Stone Soup version 0.24.0-123-gd5b16e6ec5 (webtiles) character file.

Game seed: 12710865450740501792, levelgen mode: deterministic

58 Vibe the Covered (level 3, -4/33 HPs)
             Began as a Minotaur Fighter on Jan 28, 2020.
             Slain by a gnoll
             ... wielding a +0 halberd
              (11 damage)
             ... on level 2 of the Dungeon.
             The game lasted 00:13:50 (1430 turns).

Vibe the Covered (Minotaur Fighter)                 Turns: 1430, Time: 00:13:53

Health: -4/33      AC:  7    Str: 26    XL:     3   Next: 76%
Magic:  2/2        EV:  8    Int:  5    God:
Gold:   58         SH: 10    Dex:  9    Spells: 2/2 levels left

rFire    . . .     SeeInvis .   a - +0 long sword
rCold    . . .     Gourm    .   c - +0 shield
rNeg     . . .     Faith    .   b - +0 scale mail
rPois    .         Spirit   .   (helmet restricted)
rElec    .         Reflect  .   (no cloak)
rCorr    .         Harm     .   (no gloves)
MR       +....                  (no boots)
Stlth    ..........             (no amulet)
HPRegen  0.11/turn              r - ring of protection from magic
MPRegen  0.08/turn              (no ring)

@: mighty
A: retaliatory headbutt, horns 2
a: no special abilities


You were on level 2 of the Dungeon.
You were near starving.

You visited 1 branch of the dungeon, and saw 2 of its levels.

You collected 58 gold pieces.

Inventory:

Hand Weapons
 a - a +0 long sword (weapon)
 e - a +0 short sword
 j - a +0 club
 l - a +3 short sword
 m - a +0 club
 q - a +0 dagger
 u - a +0 club
 v - a +0 club
Missiles
 h - 21 stones (quivered)
 k - 22 bolts
 o - 23 arrows
 y - 6 javelins
Armour
 b - a +0 scale mail (worn)
 c - a +0 shield (worn)
 i - a +0 robe
 n - a +0 ring mail
Jewellery
 r - a ring of protection from magic (left hand)
Scrolls
 s - a scroll of teleportation
Potions
 d - a potion of might
 g - a potion of heal wounds
Comestibles
 f - 3 rations
 p - 4 chunks of flesh


   Skills:
 * Level 3.9 Fighting
 * Level 3.0 Long Blades
 * Level 4.6 Armour
 * Level 0.3 Dodging
 * Level 4.2 Shields


You had 2 spell levels left.
You didn't know any spells.
Your spell library was empty.

Dungeon Overview and Level Annotations

Branches:
Dungeon (2/15)

Altars:


Innate Abilities, Weirdness & Mutations

You reflexively headbutt those who attack you in melee.
You have a pair of horns on your head.


Message History

You block the gnoll's attack. The gnoll hits you with a +0 spear.
You block the gnoll's attack.
You hit the gnoll. Your headbutt misses the gnoll.
The gnoll is lightly wounded.
The gnoll hits you with a +0 spear. You block the gnoll's attack.
You are too injured to fight recklessly!
You are too injured to fight recklessly!
You feel very mighty all of a sudden. The gnoll closely misses you.
You riposte.
You closely miss the gnoll.
The gnoll is lightly wounded.
The gnoll barely misses you.
You are too injured to fight recklessly!
You barely miss the gnoll. Your headbutt misses the gnoll.
The gnoll is lightly wounded.
The gnoll hits you from afar with a +0 halberd.
The gnoll hits you but does no damage.
The gnoll hits you from afar with a +0 spear.
* * * LOW HITPOINT WARNING * * *
The gnoll hits you from afar with a +0 halberd!
You die...

#..$.......
#..........
#..........
#..........
#..........
##..........
#...gg.###..
#.##g#.# . #. #@#.#
# #.#.# #####
##.#.########.#....
#.............#)###
#.............#.#..
#.............#.#.#
#.............#.#.#
#.............#.#..


#.......PPPPPPP.PPP You could see 3 gnolls.

Vanquished Creatures
  A gnoll (D:1)
  An adder (D:2)
  An ooze (D:2)
  A dart slug (D:2)
  A giant cockroach (D:1)
  7 goblins
  5 hobgoblins (D:1)
  3 jackals (D:1)
  4 bats (D:1)
  3 frilled lizards
  3 kobolds
  4 rats (D:1)
34 creatures vanquished.

Notes
Turn   | Place    | Note
-------+----------+-------------------------------------------
     0 | D:1      | Vibe the Minotaur Fighter began the quest for the Orb.
     0 | D:1      | Reached XP level 1. HP: 19/19 MP: 0/0
   179 | D:1      | Reached XP level 2. HP: 25/27 MP: 1/1
   494 | D:1      | Reached XP level 3. HP: 33/33 MP: 2/2
  1430 | D:2      | Slain by a gnoll

Levels and vault maps discovered:
D:1:      elethiomel_arrival_infinity_welcomes_careful_drivers, layout_basic,
          minmay_misc_feat_five, minmay_tromino_v4_c
D:2:      cheibrodos_pilgrimage, layout_basic, minmay_misc_feat_hallway,
          minmay_hedge_maze, grunt_ashenzari_visionary
          [grunt_ashenzari_visionary_swamp, grunt_ashenzari_visionary_snake]

Skill      XL: |  1  2  3 |
---------------+----------+-----
Armour         | 4 |  4.6
Shields        | 4 |  4.2
Long Blades    | 3 |  3.0
Fighting       | |  3.9
Dodging        | |  0.3

Action                   || total
-------------------------++-------
Melee: Long sword        ||    88
       Headbutt          ||    11
  Use: Scroll            ||     4
       Potion            ||     4
Armor: Scale mail        ||    41
Dodge: Dodged            ||    20
Block: Shield            ||    46
       Rpst.: Long sword ||     9
